NYP
VERMONT LAKE MONSTERS @ STATEN ISLAND YANKEES
05/30/2048
 
TOP OF THE 1ST
Vermont Lake Monsters batting - Pitching for Staten Island Yankees : RHP Francisco Rosado
Pitching: RHP Francisco Rosado
Batting: RHB Josh Mauer 0-0: Ball
1-0: SINGLE (Groundball, 13S, EV 63.8 MPH) (infield hit)
Batting: RHB Chris Temple 0-0: Ball
1-0: SINGLE (Line Drive, 8RS, EV 88.8 MPH)
Josh Mauer to second
Batting: LHB Ed Talamantes 0-0: Ball
1-0: Foul Ball, location: 2F
1-1: Ball
2-1: Swinging Strike
2-2: Strikes out swinging
Batting: LHB Brian Puccio 0-0: Ball
1-0: Ball
2-0: Ball
3-0: Called Strike
3-1: DOUBLE (Groundball, 3L, EV 111.2 MPH)
Josh Mauer scores
Chris Temple to third
Batting: RHB Sean Gould 0-0: Called Strike
0-1: Foul Ball, location: 2F
0-2: Ball
1-2: Foul Ball, location: 2F
1-2: Foul Ball, location: 2F
1-2: SINGLE (Line Drive, 6MD, EV 106.9 MPH)
Chris Temple scores
Brian Puccio to third
Batting: RHB Chris Prinzing 0-0: Ball
Sean Gould is caught stealing 2nd base 2-4
1-0: Called Strike
1-1: SINGLE (Line Drive, 78M, EV 111.2 MPH)
Brian Puccio scores
Batting: SHB Steve Salafia 0-0: Called Strike
0-1: Ball
1-1: Ground out 1-3 (Groundball, 13S, EV 68.8 MPH)
Top of the 1st over - 3 runs, 5 hits, 0 errors, 1 left on base; Vermont 3 - Staten Island 0
BOTTOM OF THE 1ST
Staten Island Yankees batting - Pitching for Vermont Lake Monsters : RHP Luis Stuit
Pitching: RHP Luis Stuit
Batting: RHB Norimoto Miyanishi 0-0: Called Strike
0-1: Ball
1-1: Ball
2-1: Foul Ball, location: 2F
2-2: Ball
3-2: Foul Ball, location: 2F
3-2: Strikes out swinging
Batting: LHB Dario Segura 0-0: Called Strike
0-1: Ground out 4-3 (Groundball, 4, EV 85.0 MPH)
Batting: RHB Pat Pemberton 0-0: Ball
1-0: Called Strike
1-1: Foul Ball, location: 2F
1-2: Strikes out looking
Bottom of the 1st over - 0 runs, 0 hits, 0 errors, 0 left on base; Vermont 3 - Staten Island 0
TOP OF THE 2ND
Vermont Lake Monsters batting - Pitching for Staten Island Yankees : RHP Francisco Rosado
Batting: RHB Jon Coleman 0-0: Ball
1-0: Ball
2-0: Foul Ball, location: 2F
2-1: Reached on error, E8 (Flyball, 89M, EV 86.2 MPH)
Batting: RHB Alberto Malagon 0-0: Swinging Strike
0-1: Ball
Wild Pitch!
Jon Coleman to second
1-1: Ball
2-1: Ball
3-1: Base on Balls
Batting: RHB Josh Mauer 0-0: Called Strike
0-1: Ball
1-1: Called Strike
1-2: Strikes out swinging
Batting: RHB Chris Temple 0-0: Called Strike
0-1: Ball
1-1: Ball
2-1: Grounds into double play, 6-4-3 (Groundball, 6, EV 84.4 MPH)
Top of the 2nd over - 0 runs, 0 hits, 1 error, 1 left on base; Vermont 3 - Staten Island 0
BOTTOM OF THE 2ND
Staten Island Yankees batting - Pitching for Vermont Lake Monsters : RHP Luis Stuit
Batting: SHB Tadaaki Kondo 0-0: Ball
1-0: Called Strike
1-1: Swinging Strike
1-2: Foul Ball, location: 2F
1-2: Ball
2-2: Ball
3-2: Base on Balls
Batting: LHB Mike Schermerhorn 0-0: Ball
1-0: Swinging Strike
1-1: Called Strike
1-2: Foul Ball, location: 2F
1-2: Ball
2-2: Ball
3-2: Foul Ball, location: 2F
3-2: Strikes out looking
Batting: SHB Adam Slade 0-0: Ball
1-0: Called Strike
Pickoff Throw to First - Out! 1-3
1-1: Foul Ball, location: 2F
1-2: Ball
2-2: Foul Ball, location: 2F
2-2: Hit by Pitch
Batting: RHB Daniel Underhay 0-0: Called Strike
0-1: Called Strike
0-2: Strikes out swinging
Bottom of the 2nd over - 0 runs, 0 hits, 0 errors, 1 left on base; Vermont 3 - Staten Island 0
TOP OF THE 3RD
Vermont Lake Monsters batting - Pitching for Staten Island Yankees : RHP Francisco Rosado
Batting: LHB Ed Talamantes 0-0: Fly out, F8 (Line Drive, 8LD, EV 93.1 MPH)
Batting: LHB Brian Puccio 0-0: Swinging Strike
0-1: Ball
1-1: Foul Ball, location: 2F
1-2: Fly out, F8 (Flyball, 8LXD, EV 111.2 MPH)
Batting: RHB Sean Gould 0-0: Called Strike
0-1: Ball
1-1: Ground out 4-3 (Groundball, 34, EV 100.0 MPH)
Top of the 3rd over - 0 runs, 0 hits, 0 errors, 0 left on base; Vermont 3 - Staten Island 0
BOTTOM OF THE 3RD
Staten Island Yankees batting - Pitching for Vermont Lake Monsters : RHP Luis Stuit
Batting: RHB Jesus Ruiz 0-0: Called Strike
0-1: Ground out 3-1 (Groundball, 34S, EV 83.1 MPH)
Batting: LHB Danny de Leon 0-0: Called Strike
0-1: Foul Ball, location: 2F
0-2: Ball
1-2: Strikes out swinging
Batting: RHB Norimoto Miyanishi 0-0: Called Strike
0-1: Foul Ball, location: 2F
0-2: Ball
1-2: SINGLE (Groundball, 15S, EV 70.0 MPH) (infield hit)
Batting: LHB Dario Segura 0-0: Fly out, F5 (Popup, 5F, EV 67.5 MPH)
Bottom of the 3rd over - 0 runs, 1 hit, 0 errors, 1 left on base; Vermont 3 - Staten Island 0
TOP OF THE 4TH
Vermont Lake Monsters batting - Pitching for Staten Island Yankees : RHP Francisco Rosado
Batting: RHB Chris Prinzing 0-0: SINGLE (Flyball, 7S, EV 97.5 MPH)
Batting: SHB Steve Salafia 0-0: Ground out 1-3 (Groundball, 15S, EV 67.5 MPH)
Chris Prinzing to second
Batting: RHB Jon Coleman 0-0: Ball
1-0: SINGLE (Line Drive, 7S, EV 98.1 MPH)
Chris Prinzing to third
Runner from 3rd tries for Home, SAFE, throw by LF to home
Batting: RHB Alberto Malagon 0-0: Called Strike
0-1: Swinging Strike
0-2: Foul Ball, location: 2F
0-2: Fielders Choice at 2nd, 5-4 (Groundball, 56, EV 106.9 MPH)
Batting: RHB Josh Mauer 0-0: Ball
Alberto Malagon steals 2nd base
1-0: Ball
2-0: Foul Ball, location: 2F
2-1: Ball
3-1: Base on Balls
Batting: RHB Chris Temple 0-0: SINGLE (Groundball, 6D, EV 101.2 MPH)
Alberto Malagon to third
Josh Mauer to second
Runner from 3rd tries for Home, SAFE, throw by LF to home
Batting: LHB Ed Talamantes 0-0: Called Strike
0-1: Fly out, F3 (Popup, 23F, EV 78.8 MPH)
Top of the 4th over - 2 runs, 3 hits, 0 errors, 2 left on base; Vermont 5 - Staten Island 0
BOTTOM OF THE 4TH
Staten Island Yankees batting - Pitching for Vermont Lake Monsters : RHP Luis Stuit
Batting: RHB Pat Pemberton 0-0: Called Strike
0-1: Swinging Strike
0-2: Strikes out swinging
Batting: SHB Tadaaki Kondo 0-0: Ball
1-0: Ball
2-0: Ground out 6-3 (Groundball, 4D, EV 105.0 MPH)
Batting: LHB Mike Schermerhorn 0-0: Foul Ball, location: 2F
0-1: Swinging Strike
0-2: Ball
1-2: SINGLE (Flyball, 7S, EV 84.4 MPH) - OUT at second base trying to stretch hit.
Bottom of the 4th over - 0 runs, 1 hit, 0 errors, 0 left on base; Vermont 5 - Staten Island 0
TOP OF THE 5TH
Vermont Lake Monsters batting - Pitching for Staten Island Yankees : RHP Francisco Rosado
Batting: LHB Brian Puccio 0-0: Called Strike
0-1: Foul Ball, location: 2F
0-2: SOLO HOME RUN (Flyball, 7D, EV 96.2 MPH), Distance : 366 ft
Batting: RHB Sean Gould 0-0: Foul Ball, location: 2F
0-1: Foul Ball, location: 2F
0-2: Fly out, F5 (Popup, 5F, EV 61.2 MPH)
Batting: RHB Chris Prinzing 0-0: Called Strike
0-1: DOUBLE (Groundball, 5L, EV 108.8 MPH)
Batting: SHB Steve Salafia 0-0: Foul Ball, location: 2F
0-1: Ball
1-1: Ball
2-1: Ball
3-1: Base on Balls
Batting: RHB Jon Coleman 0-0: Ball
1-0: Ball
2-0: Called Strike
2-1: Ball
3-1: Base on Balls
Chris Prinzing to third
Steve Salafia to second
Batting: RHB Alberto Malagon 0-0: Hit by Pitch
Chris Prinzing scores
Steve Salafia to third
Jon Coleman to second
Batting: RHB Josh Mauer 0-0: Called Strike
0-1: Swinging Strike
0-2: Ball
1-2: Strikes out swinging
Batting: RHB Chris Temple 0-0: Swinging Strike
0-1: Ground out 4-3 (Groundball, 4M, EV 103.1 MPH)
Top of the 5th over - 2 runs, 2 hits, 0 errors, 3 left on base; Vermont 7 - Staten Island 0
BOTTOM OF THE 5TH
Staten Island Yankees batting - Pitching for Vermont Lake Monsters : RHP Luis Stuit
Batting: SHB Adam Slade 0-0: Swinging Strike
0-1: SINGLE (Line Drive, 4MD, EV 97.5 MPH)
Batting: RHB Daniel Underhay 0-0: Swinging Strike
0-1: Fielders Choice at 2nd, 3-6 (Groundball, 13, EV 84.4 MPH)
Batting: RHB Jesus Ruiz 0-0: Foul Ball, location: 2F
0-1: Ball
Wild Pitch!
Daniel Underhay to second
1-1: SINGLE (Line Drive, 78M, EV 108.1 MPH)
Daniel Underhay to third
Runner from 3rd tries for Home, SAFE, throw by CF to home
Batting: LHB Danny de Leon 0-0: Ball
Wild Pitch!
Jesus Ruiz to second
1-0: Ball
2-0: Called Strike
2-1: Foul Ball, location: 2F
2-2: Ground out 1-3 (Groundball, 34S, EV 71.9 MPH)
Jesus Ruiz to third
Pitching: RHP Igoryok Wolgaevsky
Batting: RHB Norimoto Miyanishi 0-0: Foul Ball, location: 2F
0-1: Foul Ball, location: 2F
0-2: Ball
1-2: Ball
2-2: Strikes out swinging
Bottom of the 5th over - 1 run, 2 hits, 0 errors, 1 left on base; Vermont 7 - Staten Island 1
TOP OF THE 6TH
Vermont Lake Monsters batting - Pitching for Staten Island Yankees : RHP Francisco Rosado
Batting: LHB Ed Talamantes 0-0: Ball
1-0: Foul Ball, location: 2F
1-1: Called Strike
1-2: Ground out 1-3 (Groundball, P, EV 67.5 MPH)
Pitching: LHP Colin Scott
Batting: LHB Brian Puccio 0-0: Ball
1-0: Ball
2-0: Called Strike
2-1: Ball
3-1: Called Strike
3-2: Strikes out swinging
Batting: RHB Sean Gould 0-0: Swinging Strike
0-1: Ball
1-1: Ball
2-1: Foul Ball, location: 2F
2-2: Strikes out swinging
Top of the 6th over - 0 runs, 0 hits, 0 errors, 0 left on base; Vermont 7 - Staten Island 1
BOTTOM OF THE 6TH
Staten Island Yankees batting - Pitching for Vermont Lake Monsters : RHP Igoryok Wolgaevsky
Batting: LHB Dario Segura 0-0: Called Strike
0-1: Ball
1-1: Called Strike
1-2: Strikes out swinging
Batting: RHB Pat Pemberton 0-0: Called Strike
0-1: Hit by Pitch
Batting: SHB Tadaaki Kondo 0-0: Called Strike
0-1: Called Strike
0-2: Ball
1-2: Foul Ball, location: 2F
1-2: Strikes out swinging
Batting: LHB Mike Schermerhorn 0-0: Ball
1-0: Ball
2-0: Foul Ball, location: 2F
2-1: Foul Ball, location: 2F
2-2: Strikes out swinging
Bottom of the 6th over - 0 runs, 0 hits, 0 errors, 1 left on base; Vermont 7 - Staten Island 1
TOP OF THE 7TH
Vermont Lake Monsters batting - Pitching for Staten Island Yankees : LHP Colin Scott
Batting: RHB Chris Prinzing 0-0: Called Strike
0-1: Swinging Strike
0-2: Ball
1-2: SINGLE (Groundball, 4MD, EV 105.6 MPH)
Batting: SHB Steve Salafia 0-0: Foul Ball, location: 2F
0-1: Ball
1-1: Fielders Choice at 2nd, 3-6 (Groundball, 3, EV 106.2 MPH)
Pitching: RHP Nick Peters
Batting: RHB Jon Coleman 0-0: DOUBLE (Line Drive, 8RD, EV 103.1 MPH)
Steve Salafia to third
Runner from 3rd tries for Home, SAFE, throw by CF to trailing runner, SAFE at third!
Batting: RHB Alberto Malagon 0-0: Foul Ball, location: 2F
0-1: Swinging Strike
0-2: Fly out, F7 (Flyball, 7LM, EV 87.5 MPH)
Runner from 3rd tags up, SCORES, throw by LF
Batting: RHB Josh Mauer 0-0: Called Strike
0-1: Ball
1-1: Swinging Strike
1-2: Ball
2-2: Strikes out swinging
Top of the 7th over - 2 runs, 2 hits, 0 errors, 0 left on base; Vermont 9 - Staten Island 1
BOTTOM OF THE 7TH
Staten Island Yankees batting - Pitching for Vermont Lake Monsters : RHP Igoryok Wolgaevsky
Batting: SHB Adam Slade 0-0: Ball
1-0: Foul Ball, location: 2F
1-1: Ball
2-1: Foul Ball, location: 2F
2-2: Foul Ball, location: 2F
2-2: Strikes out swinging
Batting: RHB Daniel Underhay 0-0: Called Strike
0-1: Called Strike
0-2: Ball
1-2: Foul Ball, location: 2F
1-2: Strikes out looking
Batting: RHB Jesus Ruiz 0-0: Ball
1-0: DOUBLE (Line Drive, 7LS, EV 111.2 MPH)
Batting: LHB Danny de Leon 0-0: Called Strike
0-1: Foul Ball, location: 2F
0-2: Foul Ball, location: 2F
0-2: Foul Ball, location: 2F
0-2: Strikes out looking
Bottom of the 7th over - 0 runs, 1 hit, 0 errors, 1 left on base; Vermont 9 - Staten Island 1
TOP OF THE 8TH
Vermont Lake Monsters batting - Pitching for Staten Island Yankees : RHP Nick Peters
Batting: RHB Chris Temple 0-0: Ball
1-0: Ball
2-0: DOUBLE (Line Drive, 89M, EV 90.6 MPH)
Batting: LHB Ed Talamantes 0-0: SINGLE (Groundball, 34S, EV 66.9 MPH) (infield hit)
Chris Temple to third
Batting: LHB Brian Puccio 0-0: 3-RUN HOME RUN (Flyball, 9LD, EV 94.4 MPH), Distance : 353 ft
Pitching: RHP Edite Leoni
Batting: RHB Sean Gould 0-0: Ball
1-0: Ball
2-0: Ball
3-0: Base on Balls
Batting: RHB Chris Prinzing 0-0: Ball
1-0: Ball
2-0: Ball
3-0: Base on Balls
Sean Gould to second
Pinch Hitting: SHB Eric Tiehen 0-0: Foul Ball, location: 2F
0-1: Foul Ball, location: 2F
0-2: Ball
Wild Pitch!
Sean Gould to third
Chris Prinzing to second
1-2: DOUBLE (Groundball, 5L, EV 108.8 MPH)
Sean Gould scores
Chris Prinzing scores
Pinch Hitting: SHB Matt Sybrant Balk!
Eric Tiehen to third
0-0: Fly out, F8 (Flyball, 8RD, EV 103.8 MPH)
Runner from 3rd tags up, SCORES, throw by CF
Batting: RHB Alberto Malagon 0-0: Called Strike
0-1: Ball
1-1: Ground out 4-3 (Groundball, 4, EV 80.6 MPH)
Batting: RHB Josh Mauer 0-0: Ball
1-0: Ball
2-0: Called Strike
2-1: Ball
3-1: Base on Balls
Batting: RHB Chris Temple 0-0: Called Strike
0-1: Ball
1-1: Ball
Wild Pitch!
Josh Mauer to second
2-1: SINGLE (Groundball, 6MD, EV 95.0 MPH)
Josh Mauer to third
Runner from 3rd tries for Home, SAFE, throw by CF to home
Pitching: RHP Brad Wren
Batting: LHB Ed Talamantes 0-0: Called Strike
0-1: Called Strike
0-2: Fly out, F8 (Line Drive, 8RM, EV 91.9 MPH)
Top of the 8th over - 7 runs, 5 hits, 0 errors, 1 left on base; Vermont 16 - Staten Island 1
BOTTOM OF THE 8TH
Staten Island Yankees batting - Pitching for Vermont Lake Monsters : RHP Igoryok Wolgaevsky
Now at 2B: Eric Tiehen
Now in LF: Josh Mauer
Now in RF: Matt Sybrant
Batting: RHB Norimoto Miyanishi 0-0: Ball
1-0: Ball
2-0: Ball
3-0: Base on Balls
Pitching: RHP Pedro Taveras
Batting: LHB Dario Segura 0-0: Swinging Strike
0-1: Fly out, F9 (Flyball, 9, EV 87.5 MPH)
Batting: RHB Pat Pemberton 0-0: Foul Ball, location: 2F
0-1: Ball
1-1: Ball
2-1: Foul Ball, location: 2F
2-2: Ball
3-2: 2-RUN HOME RUN (Flyball, 9D, EV 100.0 MPH), Distance : 363 ft
Batting: SHB Tadaaki Kondo 0-0: Ball
1-0: Ball
2-0: Ball
3-0: Called Strike
3-1: Foul Ball, location: 2F
3-2: Strikes out swinging
Batting: LHB Mike Schermerhorn 0-0: Ball
1-0: Foul Ball, location: 2F
1-1: Called Strike
1-2: Ball
2-2: Foul Ball, location: 2F
2-2: Ball
3-2: Fly out, F5 (Popup, 5F, EV 75.0 MPH)
Bottom of the 8th over - 2 runs, 1 hit, 0 errors, 0 left on base; Vermont 16 - Staten Island 3
TOP OF THE 9TH
Vermont Lake Monsters batting - Pitching for Staten Island Yankees : RHP Brad Wren
Batting: LHB Brian Puccio 0-0: Ball
1-0: Foul Ball, location: 2F
1-1: Called Strike
1-2: Ball
2-2: Ball
3-2: Foul Ball, location: 2F
3-2: Base on Balls
Batting: RHB Sean Gould 0-0: Called Strike
0-1: Ball
1-1: Swinging Strike
1-2: Strikes out swinging
Pinch Hitting: RHB Jake Leffel 0-0: Ball
Wild Pitch!
Brian Puccio to second
1-0: Swinging Strike
Passed Ball!
Brian Puccio to third
1-1: SINGLE (Flyball, 7LS, EV 91.9 MPH)
Brian Puccio scores
Batting: SHB Eric Tiehen 0-0: DOUBLE (Line Drive, 9LM, EV 113.1 MPH)
Jake Leffel to third
Runner from 3rd tries for Home, SAFE, throw by RF to trailing runner, SAFE at third!
Batting: SHB Matt Sybrant 0-0: Called Strike
0-1: Ball
1-1: Called Strike
1-2: Ball
2-2: Ground out U3 (Groundball, 3L, EV 83.8 MPH)
Batting: RHB Alberto Malagon 0-0: Ball
1-0: Swinging Strike
1-1: Swinging Strike
1-2: Ball
2-2: TRIPLE (Line Drive, 7D, EV 106.2 MPH)
Eric Tiehen scores
Batting: RHB Josh Mauer 0-0: Swinging Strike
Passed Ball!
Alberto Malagon scores
0-1: Foul Ball, location: 2F
0-2: Foul Ball, location: 2F
0-2: Ball
1-2: Foul Ball, location: 2F
1-2: Ball
2-2: Ball
3-2: Foul Ball, location: 2F
3-2: Base on Balls
Batting: RHB Chris Temple 0-0: Called Strike
0-1: Swinging Strike
0-2: Hit by Pitch
Josh Mauer to second
Pitching: LHP Jon Pierce
Batting: LHB Ed Talamantes 0-0: Ball
1-0: Ball
2-0: Ball
3-0: Called Strike
3-1: Base on Balls
Josh Mauer to third
Chris Temple to second
Batting: LHB Brian Puccio 0-0: Ball
1-0: Ball
2-0: Foul Ball, location: 2F
2-1: Ball
3-1: Called Strike
3-2: Foul Ball, location: 2F
3-2: Base on Balls
Josh Mauer scores
Chris Temple to third
Ed Talamantes to second
Batting: RHB Sean Gould 0-0: Ball
1-0: Swinging Strike
1-1: Ball
2-1: Foul Ball, location: 2F
2-2: SINGLE (Line Drive, 56D, EV 100.0 MPH)
Chris Temple scores
Ed Talamantes to third
Brian Puccio to second
Batting: RHB Jake Leffel 0-0: Called Strike
0-1: Ball
1-1: Ball
2-1: Foul Ball, location: 2F
2-2: Ball
3-2: Foul Ball, location: 2F
Balk!
Ed Talamantes scores
Brian Puccio to third
Sean Gould to second
3-2: Strikes out swinging
Top of the 9th over - 7 runs, 4 hits, 0 errors, 2 left on base; Vermont 23 - Staten Island 3
BOTTOM OF THE 9TH
Staten Island Yankees batting - Pitching for Vermont Lake Monsters : RHP Pedro Taveras
Now at SS: Jake Leffel
Batting: SHB Adam Slade 0-0: Called Strike
0-1: Ball
1-1: Called Strike
1-2: Strikes out swinging
Batting: RHB Daniel Underhay 0-0: Swinging Strike
0-1: Ground out 5-3 (Groundball, 56, EV 104.4 MPH)
Pinch Hitting: RHB Alex Blanco 0-0: Foul Ball, location: 2F
0-1: Ball
1-1: Ball
2-1: Ball
3-1: Swinging Strike
3-2: Strikes out swinging, 2-3 out at first.
Bottom of the 9th over - 0 runs, 0 hits, 0 errors, 0 left on base; Vermont 23 - Staten Island 3
Tuesday, March 28th , 2023 - OOTP Baseball 23.10 Build 110